AoeStats
← CrazyBen

Hill Fort

506828923Analyzed
4v4 RM · 17d ago on Sep 15, 2026· 51m 2s· 8 players
Game mode
Random Map
Map size
Large (8 player)
Population
200
Speed
Normal
Resources
Standard
Victory
Conquest
Starting age
Dark Age
Ending age
Imperial Age
RankedLock teamsTeams togetherTeam positionsShared explorationLock speedFull tech treeHidden civsTurbo modeCheats
Victory
Defeat
🇹🇼 Shu · Taiwan
1547
+17
🇩🇪 Khmer · Germany
1505
+18
🇫🇷 Goths · France
1484
+19
🇮🇳 Mongols · India
1442
+20
🇦🇷 Maya · Argentina
1617
-21
🇹🇼 Persians · Taiwan
1594
-20
🇦🇷 Mongols · Argentina
1584
-20
🇨🇳 Spanish · China
1426
-13
Barca4life
11:27 Feudal Age
11:51 Loom
15:14 Castle Age
13:20 Horse Collar
14:01 Double-Bit Axe
18:33 Bow Saw
22:11 Wheelbarrow
21:54 Town Watch
22:59 Heavy Plow
25:11 Hand Cart
25:41 Fletching
26:17 Bodkin Arrow
27:00 Ballistics
29:51 Imperial Age
30:11 Scale Barding Armor
30:17 Forging
30:28 Gold Mining
31:32 Chain Barding Armor
31:34 Conscription
30:51 Elite Battle Elephant
31:31 Husbandry
32:16 Bloodlines
32:48 Gold Shaft Mining
33:16 Iron Casting
33:33 Plate Barding Armor
36:34 Chemistry
37:25 Blast Furnace
37:50 Coinage
37:58 Double Crossbow
37:35 Heavy Scorpion
39:18 Siege Engineers
38:47 Light Cavalry
39:45 Hussar
49:28 Caravan
50:40 Crop Rotation
CrazyBen
10:19 Feudal Age
14:05 Castle Age
12:19 Double-Bit Axe
13:20 Horse Collar
13:58 Loom
17:04 Scale Mail Armor
21:05 Fletching
24:00 Bow Saw
23:59 Squires
25:15 Chain Mail Armor
39:09 Imperial Age
40:12 Wheelbarrow
41:28 Anarchy
41:49 Conscription
42:48 Pikeman
44:00 Halberdier
49:42 Hand Cart
49:43 Perfusion
yclin124
10:42 Feudal Age
15:13 Castle Age
14:20 Double-Bit Axe
14:17 Horse Collar
14:28 Gold Mining
17:10 Bow Saw
18:05 Wheelbarrow
18:54 Heavy Plow
21:16 Loom
23:01 Stone Mining
23:58 Gold Shaft Mining
25:13 Crossbowman
25:43 Fletching
25:55 Padded Archer Armor
27:25 Bodkin Arrow
28:57 Ballistics
32:13 Imperial Age
30:53 Thumb Ring
31:05 Leather Archer Armor
32:12 Hand Cart
32:58 Bracer
33:29 Ring Archer Armor
34:05 Chemistry
32:51 Arbalester
34:23 Bolt Magazine
36:38 Conscription
36:18 Coiled Serpent Array
38:18 Pikeman
38:58 Squires
41:02 Hoardings
41:25 Scale Mail Armor
41:36 Forging
42:53 Halberdier
44:52 Caravan
48:30 Chain Mail Armor
Broken Angel
10:56 Feudal Age
12:07 Double-Bit Axe
14:52 Castle Age
12:58 Horse Collar
13:54 Loom
16:10 Bow Saw
16:02 Heavy Plow
22:12 Wheelbarrow
24:00 Stone Mining
27:02 Hand Cart
26:33 Town Watch
26:52 Fletching
27:36 Bodkin Arrow
27:39 Gold Mining
28:45 Ballistics
29:42 Padded Archer Armor
33:40 Imperial Age
32:45 Leather Archer Armor
33:50 Gold Shaft Mining
33:51 Stone Shaft Mining
34:03 Bloodlines
33:53 Husbandry
34:50 Coinage
33:52 Elite Mangudai
34:52 Conscription
34:35 Bracer
35:37 Chemistry
35:08 Thumb Ring
35:28 Parthian Tactics
36:07 Light Cavalry
36:53 Scale Barding Armor
36:58 Forging
37:00 Masonry
37:40 Banking
38:16 Murder Holes
37:52 Hussar
41:22 Chain Barding Armor
41:38 Iron Casting
41:54 Fortified Wall
49:00 Hoardings
LVA - Gleich
10:28 Feudal Age
15:31 Castle Age
13:52 Double-Bit Axe
16:39 Bow Saw
16:34 Fletching
18:54 Bodkin Arrow
24:25 Ballistics
26:18 Padded Archer Armor
29:15 Husbandry
30:35 Gold Mining
30:35 Stone Mining
32:08 Horse Collar
36:38 Imperial Age
33:58 Loom
35:10 Thumb Ring
37:26 Wheelbarrow
37:09 Leather Archer Armor
37:50 Conscription
37:43 Bracer
40:28 Parthian Tactics
40:32 Scale Barding Armor
42:12 Chemistry
43:50 Chain Barding Armor
43:40 Forging
43:08 Elite Mangudai
機會同學
10:51 Feudal Age
14:33 Castle Age
12:36 Horse Collar
13:13 Double-Bit Axe
21:24 Fletching
21:41 Loom
23:01 Wheelbarrow
23:36 Gold Mining
25:22 Heavy Plow
25:37 Bow Saw
30:22 Imperial Age
28:26 Hand Cart
29:09 Scale Barding Armor
30:14 Chain Barding Armor
30:50 Bloodlines
30:40 Husbandry
31:58 Plate Barding Armor
31:33 Forging
33:25 Conscription
35:06 Devotion
36:27 Iron Casting
38:11 Elite War Elephant
44:57 Caravan
默默默默默
11:26 Feudal Age
15:42 Castle Age
14:05 Double-Bit Axe
14:09 Horse Collar
14:57 Stone Mining
17:05 Bow Saw
18:44 Fletching
19:49 Gold Mining
21:14 Wheelbarrow
22:13 Bodkin Arrow
23:32 Loom
25:06 Padded Archer Armor
25:28 Hand Cart
33:14 Imperial Age
32:27 Leather Archer Armor
34:14 Bracer
34:46 Ring Archer Armor
35:07 Conscription
40:17 Chemistry
39:38 Ballistics
41:18 Masonry
43:34 Architecture
44:07 Town Watch
48:49 Elite Plumed Archer
_OMO_
10:18 Feudal Age
12:24 Loom
15:57 Castle Age
14:20 Double-Bit Axe
16:50 Bow Saw
19:28 Horse Collar
23:37 Heavy Plow
26:41 Wheelbarrow
27:24 Padded Archer Armor
28:36 Hand Cart
29:11 Ballistics
33:30 Imperial Age
32:42 Gold Mining
32:44 Stone Mining
33:10 Fletching
33:36 Leather Archer Armor
34:51 Bloodlines
36:26 Elite Conquistador
37:11 Bodkin Arrow
38:58 Conscription
39:12 Thumb Ring
38:31 Cavalier
39:33 Bracer
40:05 Ring Archer Armor
40:17 Husbandry
40:24 Scale Barding Armor
40:31 Forging
40:09 Paladin
41:10 Caravan
41:24 Guilds
42:20 Two-Man Saw
40:48 Light Cavalry
42:34 Chain Barding Armor
42:51 Iron Casting
42:55 Hussar
44:37 Blast Furnace
44:14 Plate Barding Armor
45:30 Chemistry
47:02 Coinage
46:12 Capped Ram
48:44 Banking
Connection lost

Rejoining the realm…

Still unreachable

The connection could not be restored.

Session expired

The server has moved on; the page needs a fresh start.